 Dungeon Crawl Stone Soup version 0.26-b1-32-g5d43845318 (webtiles) character file.

Game seed: 8661926041800020277

1078 MajorAdolf the Skirmisher (level 8, -4/76 HPs)
             Began as a Naga Wanderer on Jan 8, 2021.
             Was an Initiate of Gozag.
             Slain by an orc warrior
             ... wielding a +0 halberd
              (11 damage)
             ... on level 5 of the Dungeon.
             The game lasted 00:06:17 (6738 turns).

MajorAdolf the Skirmisher (Naga Wanderer)           Turns: 6738, Time: 00:06:17

Health: -4/76      AC: 11    Str: 15    XL:     8   Next: 29%
Magic:  8/8        EV:  4    Int: 16    God:    Gozag
Gold:   467        SH:  7    Dex:  9    Spells: 7/7 levels left

rFire    . . .     SeeInvis +   k - +2 dagger (elec)
rCold    . . .     Faith    .   t - +0 kite shield
rNeg     . . .     Spirit   .   n - +0 scale mail
rPois    +         Reflect  .   (no helmet)
rElec    .         Harm     .   (no cloak)
rCorr    .         Rampage  .   (no gloves)
Will     +....                  m - +0 barding
Stlth    ..........             (no amulet)
HPRegen  0.22/turn              (no ring)
MPRegen  0.11/turn              (no ring)

@: about to teleport, short of breath, very slow
A: large, see invisible, deformed body, poison resistance, slowness 2, spit
poison 1, AC +2
a: Spit Poison, Renounce Religion, Potion Petition, Call Merchant, Bribe Branch


You were on level 5 of the Dungeon.
You worshipped Gozag.
Gozag was aware of your devotion.
You visited 1 branch of the dungeon, and saw 5 of its levels.

You collected 522 gold pieces.
You paid 55 gold pieces to Gozag.

Inventory:

Hand Weapons
 a - a +2 dagger
 c - a +0 dagger of venom
 k - a +2 dagger of electrocution (weapon)
 p - a +0 hand axe
Missiles
 b - 9 curare-tipped darts (quivered)
 q - 4 datura-tipped darts
Armour
 m - a +0 barding (worn)
 n - a +0 scale mail (worn)
 t - a +0 kite shield (worn)
Wands
 v - a wand of acid (8)
Scrolls
 d - a scroll of teleportation
 e - a scroll of magic mapping {unknown}
 f - 7 scrolls of identify
 h - a scroll of blinking {unknown}
 j - a scroll of enchant weapon {unknown}
 o - 2 scrolls of remove curse {unknown}
 w - 3 scrolls of immolation {unknown}
 x - a scroll of amnesia {unknown}
Potions
 g - 4 potions of might {unknown}
 i - 3 potions of curing {unknown}
 l - 2 potions of berserk rage {unknown}
 r - a potion of mutation {unknown}
 s - a potion of heal wounds {unknown}
 u - 4 potions of haste {unknown}


   Skills:
 + Level 6.0 Fighting
 * Level 4.7 Axes
 - Level 1.0(3.1) Polearms
 - Level 1.7 Throwing
 + Level 4.0 Armour
 + Level 3.7 Dodging
 * Level 1.3 Shields


You had 7 spell levels left.
You didn't know any spells.
Your spell library contained the following spells:

 Spells                   Type           Power        Failure   Level
 Sandblast                Erth           0%           99%         1
 Passwall                 Tmut/Erth      0%           100%        2
 Stone Arrow              Conj/Erth      0%           100%        3
 Petrify                  Tmut/Erth      0%           100%        4
 Lee's Rapid Deconstruct  Erth           0%           100%        5


Dungeon Overview and Level Annotations

Branches:
Dungeon (5/15)
 Temple: D:4-7

Altars:
Gozag
Okawaru


Innate Abilities, Weirdness & Mutations

You cannot wear boots.
Your serpentine skin is tough. (AC +2)
You have supernaturally acute eyesight. (SInv)
Armour fits poorly on your strangely shaped body.
Your system is resistant to poisons. (rPois)
You cover ground very slowly.
You can spit poison.


Message History

Press: ? - help, Shift-Dir - straight line, f - orc warrior
Aim: an orc warrior, wielding a +0 halberd and wearing a +0 plate armour The splash of poison hits the orc warrior.
The orc warrior is poisoned.
The orc warrior is lightly wounded.
The orc warrior hits you with a +0 halberd!!
You closely miss the orc warrior.
The orc warrior is moderately wounded.
The orc warrior hits you with a +0 halberd!
* * * LOW HITPOINT WARNING * * *
You hit the orc warrior but do no damage.
The orc warrior is moderately wounded.
The orc warrior barely misses you.
Unknown command.
Okay, then.
As you read the scroll of teleportation, it crumbles to dust.
You feel strangely unstable.
The orc warrior hits you with a +0 halberd!
You die...
Your body crumbles into a pile of gold.

#.....................#
#####################o#
#o# #.# #.# #.# #.#
######################.#
................@oo....#
########################


You could see an orc warrior (poisoned) and an orc.

Vanquished Creatures
  The ghost of Domino the Chopper, an amateur MiBe of Trog (D:4)
  Sigmund (D:4)
  An ice beast (D:5)
  A phantom (D:4)
  A scorpion (D:4)
  A hound (D:4)
  4 orc wizards
  Jessica (D:3)
  2 worker ants (D:4)
  A hound skeleton (D:5)
  4 gnolls
  9 adders
  An ooze (D:3)
  An adder zombie (D:5)
  2 adder skeletons
  2 worms
  A dart slug (D:4)
  5 leopard geckos
  19 orcs
  7 bats
  7 giant cockroaches
  4 hobgoblins
  10 jackals
  3 quokkas
  2 ball pythons
  4 frilled lizards
  2 goblins
  7 kobolds
  7 rats
111 creatures vanquished.

Notes
Turn   | Place    | Note
-------+----------+-------------------------------------------
     0 | D:1      | MajorAdolf the Naga Wanderer began the quest for the Orb.
     0 | D:1      | MajorAdolf set off with the following items: a +2 dagger, a
                  | curare-tipped dart, a +0 spear, a potion of lignification,
                  | a +0 robe
     0 | D:1      | Reached XP level 1. HP: 22/22 MP: 1/1
   537 | D:1      | Reached XP level 2. HP: 26/30 MP: 2/2
  1303 | D:2      | Reached XP level 3. HP: 20/36 MP: 3/3
  2201 | D:1      | Reached XP level 4. HP: 17/45 MP: 4/4
  2936 | D:3      | Noticed Jessica
  2943 | D:3      | Killed Jessica
  2944 | D:3      | Reached XP level 5. HP: 40/51 MP: 5/5
  3466 | D:3      | Found an iron altar of Okawaru.
  3718 | D:4      | Reached skill level 5 in Fighting
  3718 | D:4      | Reached skill level 1 in Axes
  3941 | D:4      | Noticed Sigmund
  3956 | D:4      | Killed Sigmund
  3957 | D:4      | Reached XP level 6. HP: 34/61 MP: 6/6
  4586 | D:4      | Found a runed translucent gate.
  4586 | D:4      | Found a runed translucent gate.
  4586 | D:4      | Found a runed translucent gate.
  4587 | D:4      | Found an opulent altar of Gozag.
  4605 | D:4      | Reached XP level 7. HP: 62/67 MP: 7/7
  4817 | D:4      | Noticed Domino's ghost (amateur MiBe)
  4924 | D:4      | Killed Domino's ghost
  5243 | D:4      | Became a worshipper of Gozag Ym Sagoz the Greedy
  5646 | D:4      | Reached XP level 8. HP: 66/76 MP: 8/8
  5939 | D:5      | Entered Level 5 of the Dungeon
  6179 | D:5      | Reached skill level 6 in Fighting
  6179 | D:5      | Reached skill level 1 in Shields
  6738 | D:5      | Slain by an orc warrior

Illustrated notes

Levels and vault maps discovered:
D:1:      dpeg_arrival_stone_temple_mockup, layout_basic, chequers_jeans
D:2:      layout_basic
D:3:      layout_loops_ring, okawaru_ov_weapons_minmay, uniq_jessica
D:4:      layout_loops_corners, ebering_ghost_gozag, uniq_sigmund
D:5:      layout_basic

Skill      XL: |  1  2  3  4  5  6  7  8 |
---------------+-------------------------+-----
Armour         | 2 3 4 |  4.0
Dodging        | 2 3 |  3.7
Fighting       | 5 6 |  6.0
Axes           | 2 4 |  4.7
Shields        | 1 |  1.3
Polearms       | |  1.0
Throwing       | |  1.7

Action                   |  1- 3 |  4- 6 |  7- 9 || total
-------------------------+-------+-------+-------++-------
Melee: Dagger            |   120 |   146 |   230 ||   496
 Abil: Spit Poison       |     6 |     5 |     3 ||    14
  Use: Potion            |     1 |       |       ||     1
       Scroll            |       |       |     2 ||     2
 Stab: Sleeping          |     1 |       |       ||     1
Armor: Robe              |     6 |       |       ||     6
       Ring mail         |    45 |     5 |       ||    50
       Skin              |    18 |       |       ||    18
       Scale mail        |       |    56 |   119 ||   175
Dodge: Dodged            |    73 |    37 |    47 ||   157
Block: Kite shield       |       |       |    29 ||    29
